 Dungeon Crawl Stone Soup version 0.31-a0-963-ga325b2283a (webtiles) character file.

Game seed: 10907376975840617545

9273 Morbidden the Destroyer (level 11, -10/80 HPs)
             Began as a Demonspawn Conjurer on Oct 25, 2023.
             Was a Believer of Cheibriados.
             Killed from afar by Lodul (34 damage)
             ... with a bolt of lightning
             ... on level 11 of the Dungeon.
             The game lasted 00:15:05 (13563 turns).

Morbidden the Destroyer (Demonspawn Conjurer)      Turns: 13563, Time: 00:15:07

Health: -10/80     AC:  8    Str: 11    XL:     11   Next: 20%
Magic:  11/31      EV: 30    Int: 28    God:    Cheibriados [**....]
Gold:   648        SH:  0    Dex: 16    Spells: 12/25 levels left

rFire   . . .        b - +4 scimitar (freeze)
rCold   . . .        (no shield)
rNeg    . . .        n - +0 steam dragon scales
rPois   .            (helmet unavailable)
rElec   .            J - +0 cloak
rCorr   .            (no gloves)
SInv    .            (no boots)
Will    .....        S - amulet of the acrobat
Stlth   ++           D - ring of magical power
HPRegen 0.33/turn    I - ring of wizardry
MPRegen 0.22/turn

%: acrobat, wizardry (x1)
@: acrobatic, very slow
A: horns 3, slimy green scales 1, powered by pain 1
a: Renounce Religion, Bend Time


You were on level 11 of the Dungeon.
You worshipped Cheibriados.
Cheibriados was pleased with you.
You visited 2 branches of the dungeon, and saw 12 of its levels.

You collected 648 gold pieces.

Inventory:

Hand Weapons
 a - a +2 vampiric short sword
 b - a +4 scimitar of freezing (weapon)
Missiles
 d - 28 poisoned darts (quivered)
 u - a throwing net
Armour
 n - +0 steam dragon scales (worn)
 J - a +0 cloak (worn)
 L - a +1 leather armour of cold resistance
 Q - +0 acid dragon scales
Jewellery
 D - a ring of magical power (left hand)
 I - a ring of wizardry (right hand)
 N - a ring of protection from cold
 P - a ring of ice
 S - an amulet of the acrobat (around neck)
Talismans
 z - a serpent talisman
Wands
 f - a wand of roots (8)
 w - a wand of flame (72)
 B - a wand of paralysis (2)
 G - a wand of light (15)
Scrolls
 c - 3 scrolls of enchant armour {unknown}
 e - 15 scrolls of identify {unknown}
 g - a scroll of brand weapon {unknown}
 i - 4 scrolls of fear {unknown}
 l - 3 scrolls of teleportation {unknown}
 r - 2 scrolls of vulnerability {unknown}
 s - 2 scrolls of poison {unknown}
 t - a scroll of noise {unknown}
 v - 2 scrolls of revelation {unknown}
 y - a scroll of torment {unknown}
 A - a scroll of summoning
 M - a scroll of silence {unknown}
Potions
 h - 6 potions of curing
 j - a potion of attraction {unknown}
 m - 2 potions of enlightenment
 o - 4 potions of lignification {unknown}
 p - 2 potions of mutation {unknown}
 q - 2 potions of heal wounds {unknown}
 x - 2 potions of ambrosia {unknown}
 C - a potion of degeneration {unknown}
 E - a potion of might {unknown}
 F - a potion of cancellation {unknown}
 K - a potion of magic
 O - a potion of brilliance {unknown}
 R - 2 potions of berserk rage {unknown}


   Skills:
 * Level 5.5 Fighting
 + Level 2.2(3.1) Short Blades
 * Level 3.1(3.5) Long Blades
 + Level 1.4 Throwing
 + Level 3.3 Armour
 * Level 5.7 Dodging
 + Level 2.8 Stealth
 * Level 7.9 Spellcasting
 * Level 8.9 Conjurations
 * Level 4.2 Translocations
 * Level 2.4 Fire Magic
 * Level 3.0 Air Magic
 * Level 3.0 Invocations
 * Level 2.7 Shapeshifting


You had 12 spell levels left.
You knew the following spells:

 Your Spells              Type           Power      Damage    Failure   Level
a - Magic Dart            Conj           100%       1d8       1%          1
b - Searing Ray           Conj           100%       2d8       1%          2
c - Plasma Beam           Fire/Air       13%        2x1d24    65%         6
z - Iskenderun's Mystic   Conj/Tloc      47%        2d10      1%          4

Your spell library contained the following spells:

 Spells                   Type           Power      Damage    Failure   Level
 Apportation              Tloc           68%        N/A       1%          1
 Foxfire                  Conj/Fire      100%       2x1d9     1%          1
 Necrotise                Necr           44%        1d6       1%          1
 Summon Small Mammal      Summ           44%        N/A       1%          1
 Blink                    Tloc           68%        N/A       1%          2
 Cigotuvi's Dreadful Rot  Necr/Pois/Air  32%        N/A       1%          2
 Lesser Beckoning         Tloc           68%        N/A       1%          2
 Momentum Strike          Conj/Tloc      94%        3d10      1%          2
 Dazzling Flash           Conj/Hex       72%        N/A       1%          3
 Swiftness                Air            27%        N/A       1%          3
 Ensorcelled Hibernation  Hex/Ice        22%        N/A       3%          2
 Jinxbite                 Hex            22%        N/A       3%          2
 Passwall                 Tmut/Erth      9%         N/A       3%          2
 Fulminant Prism          Conj/Hex       18%        3d10      3%          4
 Ignite Poison            Fire/Tmut/Pois 15%        N/A       4%          3
 Call Canine Familiar     Summ           11%        N/A       6%          3
 Summon Guardian Golem    Hex/Summ       11%        N/A       6%          3
 Freezing Cloud           Conj/Ice/Air   16%        6-21      11%         5
 Anguish                  Hex/Necr       5%         N/A       21%         4
 Summon Ice Beast         Ice/Summ       11%        N/A       21%         4
 Starburst                Conj/Fire      21%        6d7       28%         6
 Summon Mana Viper        Hex/Summ       11%        N/A       45%         5
 Monstrous Menagerie      Summ           5%         N/A       100%        7


Dungeon Overview and Level Annotations

Branches:
Dungeon (11/15)            Temple (1/1) D:5            Lair (0/5) D:11
    Orc: D:9-12

Altars:
Ashenzari
Cheibriados
Dithmenos
Fedhas
Gozag
Hepliaklqana
Kikubaaqudgha
Makhleb
Nemelex Xobeh
Okawaru
Qazlal
Ru
Sif Muna
Trog
Uskayaw
Vehumet
Wu Jian
Xom
Yredelemnul

Shops:
D:1 (

Annotations:
D:3 2 runed translucent doors, kuniqs's ghost, amateur DEHu
D:4 1 runed translucent door, tish's ghost, amateur TrFi
D:11 Lodul


Innate Abilities, Weirdness & Mutations

You have a pair of large horns on your head.
You are partially covered in slimy green scales. (AC +2)
You sometimes gain a little power by taking damage.


Message History

Confirm with . or Enter, or press ? or * to list all spells.
Aiming: Magic Dart (safe; 1% risk of failure)
Press: ? - help, Shift-Dir - straight line, f - ogre
Aim: an ogre, wielding a +0 giant club (severely wounded, 100% to hit)
The magic dart hits the ogre.
The ogre is almost dead.
Lodul jingles a heavy purse and winks.
An orc warrior comes into view. It is wielding a +1 heavy trident.
Casting: Magic Dart (safe; 1% risk of failure)
Confirm with . or Enter, or press ? or * to list all spells.
Aiming: Searing Ray (safe; 1% risk of failure)
Press: ? - help, Shift-Dir - straight line, f/p - ogre
Aim: an ogre, wielding a +0 giant club (almost dead, 92% to hit)
The searing ray hits the ogre.
The ogre is almost dead. (Press . to maintain the ray.) Electricity crackles from Lodul's apparatus.
The bolt of lightning hits you!
The orc warrior throws a stone.
The stone hits you.
Unknown command.
The searing ray hits the ogre!
You kill the ogre!
Cheibriados appreciates the change of pace.
The orc warrior throws a stone.
The stone completely misses you.
Unknown command.
Casting: Searing Ray (safe; 1% risk of failure)
Confirm with . or Enter, or press ? or * to list all spells.
You erupt in a blast of force!
The mystic blast hits the orc wizard!
The orc wizard is severely wounded.
The orc wizard is knocked back by the mystic blast.
Electricity crackles from Lodul's apparatus.
The bolt of lightning misses you.
Unknown command.
Electricity crackles from Lodul's apparatus.
The bolt of lightning hits you!!
* * * LOW HITPOINT WARNING * * *
The orc warrior throws a stone.
The stone completely misses you.
Electricity crackles from Lodul's apparatus.
The bolt of lightning hits you!!
You die...

#.........
#.........
#.........
#.........
....
#.)..O....
<...
#.)..!....
....
#)))....o.
....
#..)..o...
....
#@.....)..
....
#.........
....
#.........
....
#.########
#### #.#
#.# #.#
#.# #.#


You could see Lodul, an orc warrior and an orc wizard.

Vanquished Creatures
  A two-headed ogre (D:11)
  A cyclops (D:11)
  2 trolls
  A hornet (D:8)
  A wraith (D:11)
  A wyvern (D:9)
  22 yaks
  A steam dragon (D:9)
  Menkaure (D:4)
  Edmund (D:4)
  An acid dragon (D:10)
  2 water moccasins
  3 orc warriors
  A black bear (D:6)
  A sky beast (D:6)
  2 centaurs
  7 ogres
  2 kobold brigands
  2 phantoms
  3 bullfrogs
  5 scorpions
  8 wights
  5 killer bees (D:10)
  4 howler monkeys
  2 jellies (D:7)
  5 hounds
  A gnoll bouda (D:8)
  An orc priest (D:6)
  A sleepcap (D:5)
  2 iguanas
  Natasha (thrice) (D:4)
  4 orc wizards
  Robin (D:4)
  8 gnolls
  8 adders
  A shadow imp (D:6)
  2 white imps
  2 ufetubi (D:3)
  A worm (D:9)
  5 dart slugs
  22 orcs
  7 bats
  3 endoplasms
  6 giant cockroaches
  13 goblins
  7 hobgoblins
  4 jackals (D:2)
  3 quokkas
  12 ball pythons
  5 frilled lizards
  14 kobolds
  4 rats (D:1)
225 creatures vanquished.

Notes
Turn   | Place    | Note
-------+----------+-------------------------------------------
     0 | D:1      | Morbidden the Demonspawn Conjurer began the quest for the
                  | Orb.
     0 | D:1      | Reached XP level 1. HP: 13/13 MP: 3/3
    27 | D:1      | Found Paexeux's Antique Weapon Shoppe.
   233 | D:1      | Gained mutation: You are partially covered in slimy green
                  | scales. (AC +2) [demonic ancestry]
   233 | D:1      | Reached XP level 2. HP: 20/20 MP: 1/5
   817 | D:1      | Reached XP level 3. HP: 25/25 MP: 3/6
  1449 | D:2      | Reached skill level 1 in Fighting
  1709 | D:2      | Reached skill level 5 in Conjurations
  1787 | D:2      | Reached XP level 4. HP: 32/32 MP: 2/7
  2350 | D:2      | Learned a level 2 spell: Searing Ray
  2888 | D:3      | Found a large runed translucent door.
  2888 | D:3      | Found a large runed translucent door.
  2890 | D:3      | Noticed kuniqs's ghost (amateur DEHu)
  2981 | D:3      | Found a hide-covered altar of Uskayaw.
  3690 | D:4      | Noticed a scorpion
  3700 | D:4      | Killed a scorpion
  3701 | D:4      | Gained mutation: You have a pair of small horns on your
                  | head. [demonic ancestry]
  3701 | D:4      | Reached XP level 5. HP: 34/37 MP: 2/9
  3765 | D:4      | Noticed Menkaure
  3778 | D:4      | Killed Menkaure
  3779 | D:4      | Reached skill level 1 in Armour
  3779 | D:4      | Gained mutation: You have a pair of horns on your head.
                  | [demonic ancestry]
  3779 | D:4      | Reached XP level 6. HP: 42/44 MP: 2/10
  3937 | D:4      | Noticed Natasha
  3950 | D:4      | Killed Natasha
  4018 | D:4      | Found a blossoming altar of Fedhas.
  4106 | D:4      | Noticed Natasha
  4111 | D:4      | Killed Natasha
  4231 | D:4      | Noticed Natasha
  4235 | D:4      | Killed Natasha
  4314 | D:4      | Found a runed translucent door.
  4315 | D:4      | Noticed tish's ghost (amateur TrFi)
  4358 | D:4      | Reached skill level 1 in Short Blades
  4373 | D:4      | Noticed Edmund
  4387 | D:4      | Killed Edmund
  4388 | D:4      | Reached XP level 7. HP: 43/51 MP: 0/12
  4565 | D:4      | Noticed Robin
  4569 | D:4      | Killed Robin
  4648 | D:4      | Reached skill level 6 in Conjurations
  5094 | D:5      | Entered Level 5 of the Dungeon
  5356 | D:5      | Found a staircase to the Ecumenical Temple.
  5402 | Temple   | Entered the Ecumenical Temple
  5511 | D:5      | Gained mutation: You sometimes gain a little power by
                  | taking damage. [demonic ancestry]
  5511 | D:5      | Reached XP level 8. HP: 31/58 MP: 0/14
  6250 | D:5      | Found a shimmering blue altar of Sif Muna.
  6499 | D:6      | Reached skill level 5 in Spellcasting
  7047 | D:6      | Reached skill level 7 in Conjurations
  7463 | D:6      | Reached skill level 1 in Shapeshifting
  7470 | D:6      | Learned a level 4 spell: Iskenderun's Mystic Blast
  8023 | D:7      | Found a burning altar of Makhleb.
  8067 | D:7      | Reached XP level 9. HP: 64/64 MP: 16/17
  8402 | D:7      | Found a sparkling altar of Nemelex Xobeh.
  8407 | D:7      | Found an iron altar of Okawaru.
  8887 | D:8      | Reached skill level 5 in Dodging
  9468 | D:8      | Reached skill level 1 in Translocations
  9605 | D:8      | Reached skill level 1 in Long Blades
 10061 | D:9      | Learned a level 6 spell: Plasma Beam
 10094 | D:9      | Reached skill level 8 in Conjurations
 10294 | D:9      | Noticed a troll
 10315 | D:9      | Killed a troll
 10661 | D:9      | Found a snail-covered altar of Cheibriados.
 10676 | D:9      | Became a worshipper of Cheibriados the Contemplative
 10957 | D:10     | Entered Level 10 of the Dungeon
 10997 | D:10     | Reached XP level 10. HP: 73/73 MP: 12/20
 11133 | D:9      | Reached skill level 1 in Air Magic
 11537 | D:10     | Reached skill level 1 in Fire Magic
 11948 | D:10     | Reached * piety under Cheibriados
 11949 | D:10     | Reached skill level 1 in Invocations
 11951 | D:10     | Reached skill level 5 in Fighting
 13080 | D:11     | Noticed a cyclops
 13088 | D:11     | Killed a cyclops
 13089 | D:11     | Gained mutation: You have a pair of large horns on your
                  | head. [demonic ancestry]
 13089 | D:11     | Reached XP level 11. HP: 21/80 MP: 22/22
 13277 | D:11     | Found a staircase to the Lair.
 13282 | D:11     | Noticed a two-headed ogre
 13298 | D:11     | Reached skill level 1 in Throwing
 13299 | D:11     | Killed a two-headed ogre
 13549 | D:11     | Noticed Lodul
 13557 | D:11     | Reached ** piety under Cheibriados
 13563 | D:11     | Killed from afar by Lodul

Illustrated notes

Levels and vault maps discovered:
D:1:      kennysheep_arrival_seaside, layout_basic, serial_shops, shop,
          minmay_tripent
D:2:      minmay_inner_zag, layout_basic, minmay_misc_feat_columns
D:3:      layout_basic, mainiacjoe_overflow_catwalk_spiral,
          ebering_ghost_disaster_area
D:4:      layout_loops_cross, lemuel_doored_altar, ebering_ghost_inner_flame,
          uniq_robin, uniq_natasha, uniq_edmund, uniq_menkaure
D:5:      layout_cave_pools, led_sif_pool, minmay_temple_entry_sparse_star,
          serial_bayou_lagoon_b
D:6:      black_bear_nest_2, layout_gridville
D:7:      layout_rooms, mainiacjoe_overflow_catwalk,
          mainiacjoe_overflow_big_doors
D:8:      layout_basic, serial_co_window_serial, co_window_paths_a,
          co_window_paths_b, co_window_cross_1, co_window_corner_a,
          co_window_paths_a, co_window_corner_ca, co_window_broadway_b,
          co_window_2corner, co_window_unsneaky_path_c, co_window_broadway_c,
          glass_columns_b, glass_columns_a, kennysheep_generic_room_3
D:9:      layout_small_grid, cheibrodos_worm_habitat, tso_metal_star,
          kennysheep_generic_room_16
D:10:     layout_irregular_city, hangedman_decor_riveting
D:11:     layout_long_grid, lair_entry_dummy, david_orc_3, uniq_lodul
Temple:   dshaligram_water_room_temple

Skill      XL: |  1  2  3  4  5  6  7  8  9 10 11 |
---------------+----------------------------------+-----
Fighting       | 1 2 3 4 5 |  5.5
Conjurations   | 5 6 7 8 |  8.9
Stealth        | 2 |  2.8
Dodging        | 2 3 4 5 |  5.7
Spellcasting   | 3 4 5 6 7 |  7.9
Armour         | 1 2 3 |  3.3
Short Blades   | 1 2 |  2.2
Shapeshifting  | 1 2 |  2.7
Translocations | 1 4 |  4.2
Long Blades    | 1 2 3 |  3.1
Air Magic      | 2 3 |  3.0
Fire Magic     | 2 |  2.4
Invocations    | 2 3 |  3.0
Throwing       | 1 |  1.4

Action                     |  1- 3 |  4- 6 |  7- 9 | 10-12 || total
---------------------------+-------+-------+-------+-------++-------
  Melee: Unarmed           |    40 |     1 |       |       ||    41
         Punch             |     1 |     1 |       |       ||     2
         Short sword       |       |    23 |    57 |       ||    80
         Headbutt          |       |     7 |    16 |     6 ||    29
         Scimitar          |       |       |     9 |    29 ||    38
  Throw: Dart              |    11 |       |    10 |     3 ||    24
   Cast: Magic Dart        |    84 |    79 |   132 |    40 ||   335
         Searing Ray       |       |     6 |    57 |    16 ||    79
         Iskenderun's Myst |       |       |    18 |    43 ||    61
  Evoke: Wand              |       |       |     3 |     1 ||     4
    Use: Potion            |       |     3 |       |       ||     3
         Scroll            |       |       |       |     3 ||     3
   Stab: Sleeping          |       |       |     2 |       ||     2
 Armour: Robe              |    35 |       |       |       ||    35
         Leather armour    |       |    75 |    84 |       ||   159
         Steam dragon scal |       |       |     3 |    49 ||    52
  Dodge: Dodged            |    52 |    63 |    95 |    59 ||   269

Table legend: (Time is in decaauts)
 A = Elapsed time spent in this place.
 B = Non-inter-level travel time spent in this place.
 C = Inter-level travel time spent in this place.
 D = Time resting spent in this place.
 E = Time spent auto-exploring this place.
 F = Levels seen in this place.
 G = Mean time per level.
                   A        B        C        D        E       F      G
               +--------+--------+--------+--------+--------+-----+--------+
         Total |  13983 |  13493 |    490 |   1677 |  10201 |  12 | 1165.2 |
       Dungeon |  13976 |  13486 |    490 |   1677 |  10201 |  11 | 1270.5 |
        Temple |      7 |      7 |      0 |      0 |      0 |   1 |    7.0 |
               +--------+--------+--------+--------+--------+-----+--------+

Top non-repeatable levels by time:
    D:10: 1999 daAuts
     D:4: 1688 daAuts
     D:9: 1529 daAuts
     D:1: 1386 daAuts
     D:8: 1384 daAuts
     D:6: 1285 daAuts
     D:2: 1224 daAuts
     D:5: 1055 daAuts
     D:3: 1041 daAuts
     D:7: 768 daAuts
    D:11: 613 daAuts
  Temple: 7 daAuts
